 Dungeon Crawl Stone Soup version 0.23.2-1-ga50397a6bc (webtiles) character file.

Game seed: 10166269472094655503

51869 PentaManta the Spry (level 14, -8/111 HPs)
             Began as a Merfolk Monk on June 2, 2019.
             Was the Champion of Dithmenos.
             Mangled by an orc priest
             ... wielding a +0 war axe
             ... led by an orc knight
              (15 damage)
             ... while paralysed by an orc sorcerer
             ... on level 15 of the Dungeon.
             The game lasted 01:22:58 (18167 turns).

PentaManta the Spry (Merfolk Monk)                 Turns: 18167, Time: 01:22:59

Health: -8/111     AC: 14    Str: 12    XL:     14   Next: 61%
Magic:  14/14      EV:  2    Int: 12    God:    Dithmenos [******]
Gold:   1336       SH:  0    Dex: 26    Spells: 13/13 levels left

rFire    x . .     SeeInvis +   s - +9 great sword (holy)
rCold    . . .     Gourm    .   (shield currently unavailable)
rNeg     + . .     Faith    .   M - +2 acid dragon scales
rPois    .         Spirit   .   v - +2 helmet {Int+3}
rElec    .         Reflect  .   d - +0 cloak
rCorr    +         Harm     .   I - +0 pair of gloves "Udoifuf" {rN+} (curse)
MR       +....                  (no boots)
Stlth    ++++++++++             A - amulet of regeneration
HPRegen  0.68/turn              j - ring "Vefat" {rCorr SInv Stlth+}
MPRegen  0.14/turn              H - ring "Toimnep" {+Inv rF- Dex+5 SInv}

@: paralysed, very slightly contaminated, wreathed by umbra, lightly drained,
invisible (expiring)
A: change form in water, swift swim, stealthy swim, camouflage 1, mutation
resistance 1
a: Shadow Step, Shadow Form, Renounce Religion


You were on level 15 of the Dungeon.
You worshipped Dithmenos.
Dithmenos was exalted by your worship.
You were hungry.

You visited 2 branches of the dungeon, and saw 16 of its levels.
You also visited: Bailey and Gauntlet.

You collected 1336 gold pieces.

Inventory:

Hand Weapons
 h - a +4 great sword of slicing
 k - a +3 long sword of draining
 s - a +9 great sword of holy wrath (weapon)
Missiles
 i - 12 tomahawks
 l - 357 stones (quivered)
 P - 12 javelins
Armour
 d - a +0 cloak (worn)
 e - a +2 ring mail of fire resistance
 m - the +0 leather armour "Sobb" {rElec rC+ Regen+ Dex+3}
   (You found it on level 14 of the Dungeon)

   It affects your dexterity (+3).
   It protects you from cold.
   It insulates you from electricity.
   It increases your rate of regeneration.
 v - a +2 helmet of intelligence (worn)
 B - the +4 scale mail of the Earth {-Cast MR+ rCorr Str+2}
   (You found it on level 9 of the Dungeon)

   It affects your strength (+2).
   It affects your resistance to hostile enchantments.
   It prevents spellcasting.
   It provides partial protection from all sources of acid and corrosion.
 I - the cursed +0 pair of gloves "Udoifuf" (worn) {rN+}
   (You found it in a Gauntlet)

   It protects you from negative energy.
   It has a curse placed upon it.
 M - +2 acid dragon scales (worn)
Jewellery
 j - the ring "Vefat" (left hand) {rCorr SInv Stlth+}
   (You found it on level 13 of the Dungeon)

   [ring of resist corrosion]

   It lets you see invisible.
   It makes you more stealthy.
 p - an uncursed ring of positive energy
 x - an uncursed ring of protection from magic
 A - an amulet of regeneration (around neck)
 D - an uncursed ring of poison resistance
 H - the ring "Toimnep" (right hand) {+Inv rF- Dex+5 SInv}
   (You found it in a Gauntlet)

   [ring of dexterity]

   It affects your dexterity (+5).
   It makes you vulnerable to fire.
   It lets you see invisible.
   It lets you turn invisible.
 O - an uncursed ring of flight
Wands
 u - a wand of digging (7)
 z - a wand of scattershot (3)
 G - a wand of flame (37)
 L - a wand of disintegration (13)
 S - a wand of iceblast (18)
Scrolls
 n - a scroll of fear
 w - a scroll of fog
 C - a scroll of magic mapping
 F - a scroll of amnesia
 J - 2 scrolls of enchant weapon
 Q - a scroll of remove curse
Potions
 a - a potion of haste
 b - a potion of might
 f - a potion of agility
 g - 4 potions of flight
 o - 3 potions of mutation
 t - 2 potions of brilliance
Miscellaneous
 E - a fan of gales
 R - a fan of gales
Comestibles
 c - 23 rations


   Skills:
 + Level 10.5(10.2) Fighting
 * Level 15.8(15.5) Long Blades
 - Level 4.0(3.7) Armour
 + Level 19.2(18.9) Dodging
 - Level 9.3(9.1) Stealth


You had 13 spell levels left.
You didn't know any spells.
Your spell library contained the following spells:

 Spells                   Type           Power        Failure   Level  Hunger
 Confusing Touch          Hex            #.....       43%         1    ##.....
 Corona                   Hex            #......      43%         1    ##.....
 Sting                    Conj/Pois      #...         43%         1    ##.....
 Ensorcelled Hibernation  Hex/Ice        #.....       58%         2    ###....
 Poisonous Vapours        Pois/Air       #.....       58%         2    ###....
 Confuse                  Hex            #.......     82%         3    ####...
 Conjure Flame            Conj/Fire      #.......     82%         3    ####...
 Dazzling Spray           Conj/Hex       #.....       82%         3    ####...
 Gell's Gravitas          Tloc           #.........   82%         3    ####...
 Mephitic Cloud           Conj/Pois/Air  #.......     82%         3    ####...
 Tukima's Dance           Hex            #.......     82%         3    ####...
 Olgreb's Toxic Radiance  Pois           #.......     99%         4    #####..
 Petrify                  Tmut/Erth      #.......     99%         4    #####..
 Irradiate                Conj/Tmut      #.........   100%        5    ######.
 Metabolic Englaciation   Hex/Ice        #.........   100%        5    ######.
 Venom Bolt               Conj/Pois      #.........   100%        5    ######.
 Yara's Violent Unravell  Hex/Tmut       #.........   100%        5    ######.
 Freezing Cloud           Conj/Ice/Air   #.........   100%        6    #######
 Hydra Form               Tmut           #.........   100%        6    #######
 Statue Form              Tmut/Erth      #........    100%        6    #######
 Dragon Form              Tmut           #.........   100%        7    #######
 Ring of Flames           Chrm/Fire      #.........   100%        7    #######


Dungeon Overview and Level Annotations

Branches:
Dungeon (15/15) Temple (1/1) D:4 Lair (0/6) D:9 Orc (0/2) D:9 Vaults (0/5) D:13 D:14 Depths (0/5) D:15

Altars:
Ashenzari
Cheibriados
Dithmenos
Elyvilon
Fedhas
Gozag
Hepliaklqana
Kikubaaqudgha
Makhleb
Nemelex Xobeh
Okawaru
Qazlal
Ru
Sif Muna
Trog
Uskayaw
Vehumet
Wu Jian
Xom
Yredelemnul
Zin
The Shining One

Shops:
D:9 (   D:10 :

Annotations:
D:3 2 runed translucent doors, Veritas's ghost, amateur HuFi
D:7 2 runed translucent doors, MajorAdolf's ghost, novice NaWn


Innate Abilities, Weirdness & Mutations

You revert to your normal form in water You are very nimble and swift while swimming.
You are very stealthy in the water. (Stealth+)
Your skin changes colour to match your surroundings (Stealth+).
You are somewhat resistant to further mutation.


Message History

You emit a cloud of dark smoke.
The sun demon disappears in a puff of smoke!
The orc sorcerer no longer looks unusually strong.
Found 23 sling bullets.
You flicker for a moment.
The orc sorcerer points at you and mumbles some strange words.
You suddenly lose the ability to move!
Found a dagger.
The orc sorcerer hits you but does no damage.
The orc priest hits you but does no damage.
The orc sorcerer gestures at you while chanting.
The bolt of negative energy hits you. You partially resist.
You feel drained.
* * * LOW HITPOINT WARNING * * *
The orc priest hits you but does no damage.
The orc knight roars a battlecry!
The orcs go into a battle-frenzy!
The orc sorcerer points at you and mumbles some strange words.
You shrug off the repeated paralysis!
The orc priest hits you with a +0 war axe!
You die...

..# #.......# #(##
#....(..# #..# #.......#
##.## #.......# #..#
#.§§§...# ##.## #§§.§§..#
#(.# #§§§§§.§# ##(##
####ooo§..§#
####()#####(..§§@§...#***
(..(()..).)()§.§§§......*
#####.#####.....#######.*
#..........<# *,#
#.########..# *,* #.^#
***#..# *,* #..## *,,(..#
*,* #...# *,###)# *,*
#.#.# *,,,,,* *,*


You could see an orc knight, an orc sorcerer and an orc priest.

Vanquished Creatures
  Rupert (D:13)
  Nessos (D:14)
  A minotaur (Gauntlet)
  Snorg (D:12)
  A hydra (D:14)
  A catoblepas (D:13)
  6 two-headed ogres
  8 centaur warriors
  An ogre mage (D:15)
  Urug (D:13)
  4 unseen horrors
  A fire crab (Gauntlet)
  A death drake (Gauntlet)
  Pikel (D:8)
  A deep elf mage (D:15)
  2 orc knights
  2 ugly things
  A cyclops (D:15)
  3 manticores
  A spectral redback (Gauntlet)
  2 gargoyles
  5 trolls
  8 hippogriffs
  3 hornets
  4 slime creatures (D:14)
  Sigmund (D:5)
  A redback (D:7)
  A vampire (D:13)
  4 wyverns
  Eustachio (D:5)
  17 humans
  3 fire bats (Gauntlet)
  2 hogs (D:10)
  37 yaks
  3 wraiths
  A human (shapeshifter) (D:15)
  A steam dragon (D:11)
  A basilisk (shapeshifter) (D:15)
  3 hungry ghosts
  3 wargs (D:8)
  6 vampire mosquitoes
  3 hell hounds (Gauntlet)
  2 hornet zombies
  A spectral hornet (Gauntlet)
  An acid dragon (D:11)
  18 orc warriors
  A black bear (D:7)
  2 ice beasts
  A phantom (D:11)
  5 sky beasts
  5 boggarts (D:14)
  2 necrophages
  11 ogres
  24 centaurs
  4 big kobolds
  10 bullfrogs
  2 gnoll sergeants
  5 scorpions
  9 wights
  12 killer bees
  4 howler monkeys
  8 crimson imps
  4 centaur zombies
  6 hounds
  3 jellies
  A wyvern simulacrum (Gauntlet)
  A water moccasin simulacrum (Gauntlet)
  2 quasits
  Crazy Yiuf (D:4)
  12 orc priests
  A bullfrog skeleton (D:12)
  6 centaur skeletons
  4 iguanas
  Ijyb (D:3)
  Terence (D:2)
  11 orc wizards
  Natasha (thrice) (D:4)
  8 worker ants
  3 bullfrog simulacra (Gauntlet)
  A hound zombie (D:8)
  16 adders
  10 gnolls
  A howler monkey skeleton (D:11)
  4 shadow imps
  An ooze (D:2)
  An adder zombie (D:7)
  3 worms
  7 leopard geckos
  68 orcs
  10 bats
  5 giant cockroaches
  5 hobgoblins
  5 jackals (D:8)
  6 quokkas
  6 frilled lizards
  14 goblins
  20 kobolds
  2 leopard gecko skeletons (D:7)
  2 leopard gecko zombies
  A quokka skeleton (D:6)
  3 rats
535 creatures vanquished.

Vanquished Creatures (collateral kills)
  A bullfrog (D:10)
  An orc wizard (D:10)
  An orc (D:10)
3 creatures vanquished.

Vanquished Creatures (others)
  A bullfrog zombie (D:8)
  An orc priest (D:15)
  A jackal (D:8)
3 creatures vanquished.

Grand Total: 541 creatures vanquished

Notes
Turn   | Place    | Note
-------+----------+-------------------------------------------
     0 | D:1      | PentaManta the Merfolk Monk began the quest for the Orb.
     0 | D:1      | Reached XP level 1. HP: 18/18 MP: 1/1
    74 | D:1      | Reached XP level 2. HP: 23/24 MP: 2/2
   846 | D:2      | Reached XP level 3. HP: 29/29 MP: 3/3
   884 | D:2      | Reached skill level 5 in Dodging
  1043 | D:2      | Found a sacrificial altar of Ru.
  1243 | D:2      | Found an iron altar of Okawaru.
  1282 | D:2      | Noticed Terence
  1414 | D:2      | Reached XP level 4. HP: 25/35 MP: 4/4
  1739 | D:2      | Killed Terence
  2122 | D:3      | Found a runed translucent door.
  2138 | D:3      | Reached XP level 5. HP: 35/41 MP: 5/5
  2154 | D:3      | Noticed Veritas's ghost (amateur HuFi)
  2324 | D:3      | Reached skill level 6 in Dodging
  2325 | D:3      | Reached skill level 5 in Long Blades
  2465 | D:3      | Found an ornate altar of the Wu Jian Council.
  2565 | D:3      | Noticed Ijyb
  2582 | D:3      | Killed Ijyb
  3031 | D:3      | Found a runed translucent door.
  3094 | D:4      | Noticed an ogre
  3100 | D:4      | Killed an ogre
  3100 | D:4      | Reached skill level 7 in Dodging
  3100 | D:4      | Reached XP level 6. HP: 26/47 MP: 6/6
  3416 | D:4      | Found a shimmering altar of Xom.
  3512 | D:4      | Found a sparkling altar of Nemelex Xobeh.
  3556 | D:4      | Found a shimmering altar of Xom.
  3557 | D:4      | Found a shimmering altar of Xom.
  3558 | D:4      | Found a shimmering altar of Xom.
  3559 | D:4      | Found a shimmering altar of Xom.
  3559 | D:4      | Found a shimmering altar of Xom.
  3560 | D:4      | Found a shimmering altar of Xom.
  3619 | D:4      | Reached XP level 7. HP: 46/52 MP: 7/7
  3674 | D:4      | Noticed Natasha
  3686 | D:4      | Killed Natasha
  3686 | D:4      | Reached skill level 8 in Dodging
  3789 | D:4      | Found a staircase to the Ecumenical Temple.
  3807 | Temple   | Entered the Ecumenical Temple
  3895 | Temple   | Became a worshipper of Dithmenos the Shadowed
  3895 | Temple   | Reached * piety under Dithmenos
  3895 | Temple   | Reached ** piety under Dithmenos
  4206 | D:4      | Found a runed translucent door.
  4207 | D:4      | Noticed Crazy Yiuf
  4212 | D:4      | Paralysed by Crazy Yiuf for 4 turns
  4219 | D:4      | Killed Crazy Yiuf
  4384 | D:4      | Found a staircase to the Ecumenical Temple.
  4449 | D:4      | Found a shimmering altar of Xom.
  4451 | D:4      | Found a shimmering altar of Xom.
  4452 | D:4      | Found a shimmering altar of Xom.
  4452 | D:4      | Found a shimmering altar of Xom.
  4452 | D:4      | Found a shimmering altar of Xom.
  4453 | D:4      | Found a shimmering altar of Xom.
  4454 | D:4      | Found a shimmering altar of Xom.
  4520 | D:4      | Found a sparkling altar of Nemelex Xobeh.
  4559 | D:4      | Noticed Natasha
  4566 | D:4      | Killed Natasha
  4758 | D:4      | Found a shimmering altar of Xom.
  4759 | D:4      | Noticed Natasha
  4760 | D:4      | Found a shimmering altar of Xom.
  4761 | D:4      | Found a shimmering altar of Xom.
  4761 | D:4      | Found a shimmering altar of Xom.
  4761 | D:4      | Found a shimmering altar of Xom.
  4762 | D:4      | Found a shimmering altar of Xom.
  4763 | D:4      | Found a shimmering altar of Xom.
  4790 | D:4      | Killed Natasha
  4814 | D:5      | Entered Level 5 of the Dungeon
  4905 | D:5      | Reached skill level 9 in Dodging
  4958 | D:5      | Reached XP level 8. HP: 47/58 MP: 8/8
  5316 | D:4      | Found a sparkling altar of Nemelex Xobeh.
  5449 | D:5      | Noticed Eustachio
  5463 | D:5      | Killed Eustachio
  5499 | D:5      | Noticed Sigmund
  5501 | D:5      | Killed Sigmund
  5700 | D:5      | Reached skill level 10 in Dodging
  6082 | D:6      | Reached skill level 11 in Dodging
  6082 | D:6      | Reached XP level 9. HP: 50/64 MP: 9/9
  6167 | D:6      | Reached *** piety under Dithmenos
  6243 | D:6      | Found a stormy altar of Qazlal.
  7178 | D:7      | Found a burning altar of Makhleb.
  7234 | D:7      | Reached skill level 10 in Long Blades
  7280 | D:7      | Reached skill level 12 in Dodging
  7286 | D:7      | Found an ancient bone altar of Kikubaaqudgha.
  7470 | D:7      | Found a large runed translucent door.
  7470 | D:7      | Found a large runed translucent door.
  7472 | D:7      | Noticed MajorAdolf's ghost (novice NaWn)
  8033 | D:8      | Noticed a two-headed ogre
  8036 | D:8      | Noticed a hornet
  8039 | D:8      | Killed a two-headed ogre
  8039 | D:8      | Reached skill level 13 in Dodging
  8039 | D:8      | Reached XP level 10. HP: 69/70 MP: 10/10
  8212 | D:8      | Noticed Pikel
  8401 | D:8      | Killed Pikel
  8593 | D:7      | Reached skill level 14 in Dodging
  8635 | D:7      | Reached **** piety under Dithmenos
  8669 | D:7      | HP: 2/70 [something (10)]
  8979 | D:7      | Killed an unseen horror
  9117 | D:7      | Gained mutation: You are somewhat resistant to further
                  | mutation. [potion of mutation]
  9117 | D:7      | Gained mutation: Your skin changes colour to match your
                  | surroundings (Stealth+). [potion of mutation]
  9175 | D:7      | Killed an unseen horror
  9175 | D:7      | Reached XP level 11. HP: 21/75 MP: 11/11
  9439 | D:8      | Reached skill level 15 in Dodging
  9455 | D:8      | Found a glowing golden altar of the Shining One.
  9716 | D:8      | Found a stormy altar of Qazlal.
  9845 | D:9      | Found a staircase to the Lair.
 10152 | D:9      | Found an opulent altar of Gozag.
 10153 | D:9      | Found a radiant altar of Vehumet.
 10418 | D:9      | Found Futsaesma's Weapon Shop.
 10681 | D:9      | Found a staircase to the Orcish Mines.
 10856 | D:10     | Entered Level 10 of the Dungeon
 10856 | D:10     | Found Ciunnozy's Book Shop.
 11032 | D:10     | Found a flagged portal.
 11050 | D:10     | Got an ichor-stained robe
 11053 | Bailey   | Entered a bailey
 11177 | Bailey   | Reached ***** piety under Dithmenos
 11594 | Bailey   | Noticed an orc knight
 11645 | Bailey   | Killed an orc knight
 11832 | D:9      | Got a faintly glowing scale mail
 11883 | D:9      | Got a twisted robe
 12087 | D:10     | Found a deep blue altar of Sif Muna.
 12351 | D:10     | Identified a scroll of acquirement
 12446 | D:10     | Found an ancient bone altar of Kikubaaqudgha.
 12498 | D:10     | Reached skill level 16 in Dodging
 12654 | D:10     | Killed an unseen horror
 13045 | D:11     | Reached XP level 12. HP: 63/81 MP: 12/12
 13209 | D:11     | Reached skill level 17 in Dodging
 13683 | D:11     | Reached ****** piety under Dithmenos
 13957 | D:12     | Reached skill level 15 in Long Blades
 14032 | D:12     | Noticed Snorg
 14063 | D:12     | Killed Snorg
 14376 | D:12     | Reached skill level 5 in Fighting
 14405 | D:12     | Reached skill level 5 in Stealth
 14719 | D:13     | Identified the +2 robe "Umpautwy" {rCorr} (You found it on
                  | level 9 of the Dungeon)
 14729 | D:13     | Identified the +4 scale mail of the Earth {-Cast MR+ rCorr
                  | Str+2} (You found it on level 9 of the Dungeon)
 14739 | D:13     | Identified the cursed +1 robe of Wisdom {rC+ Dex+5} (You
                  | found it on level 10 of the Dungeon)
 14864 | D:13     | Got a twitching platinum ring
 14866 | D:13     | Identified the ring "Vefat" {rCorr SInv Stlth+} (You found
                  | it on level 13 of the Dungeon)
 14871 | D:13     | Noticed a centaur warrior
 14882 | D:13     | Killed a centaur warrior
 15072 | D:13     | Noticed a catoblepas
 15081 | D:13     | Reached XP level 13. HP: 93/93 MP: 13/13
 15215 | D:13     | Reached skill level 18 in Dodging
 15234 | D:13     | Noticed Rupert
 15307 | D:13     | Killed Rupert
 15842 | D:14     | Found a gate to the Vaults.
 15842 | D:14     | Noticed Nessos
 15842 | D:14     | Noticed Urug
 15976 | D:13     | Killed Urug
 16213 | D:14     | Killed Nessos
 16273 | D:14     | HP: 3/99 [centaur warrior (8)]
 16495 | D:14     | Reached skill level 1 in Armour
 16519 | D:14     | Got a black opal-encrusted leather armour
 16799 | D:14     | Reached XP level 14. HP: 108/108 MP: 14/14
 17120 | D:15     | Entered Level 15 of the Dungeon
 17199 | D:15     | Found a gate leading to a gauntlet.
 17218 | Gauntlet | Entered a Gauntlet
 17218 | Gauntlet | Found a large runed translucent door.
 17218 | Gauntlet | Found a large runed translucent door.
 17218 | Gauntlet | Found a large runed translucent door.
 17218 | Gauntlet | Found a large runed translucent door.
 17218 | Gauntlet | Found a large runed translucent door.
 17218 | Gauntlet | Found a large runed translucent door.
 17218 | Gauntlet | Found a large runed translucent door.
 17218 | Gauntlet | Found a large runed translucent door.
 17218 | Gauntlet | Found a runed translucent door.
 17218 | Gauntlet | Found a runed translucent gate.
 17218 | Gauntlet | Found a transporter.
 17218 | Gauntlet | Found a transporter.
 17218 | Gauntlet | Found a runed translucent gate.
 17218 | Gauntlet | Found a transporter.
 17218 | Gauntlet | Found a transporter.
 17288 | Gauntlet | Identified the cursed +0 leather armour "Sobb" {rElec rC+
                  | Regen+ Dex+3} (You found it on level 14 of the Dungeon)
 17303 | Gauntlet | Found a transporter.
 17303 | Gauntlet | Found a transporter.
 17313 | Gauntlet | Found a transporter.
 17314 | Gauntlet | Noticed an entropy weaver
 17317 | Gauntlet | Found a transporter.
 17327 | Gauntlet | Found a transporter.
 17400 | Gauntlet | Found a runed translucent door.
 17401 | Gauntlet | Found a large runed translucent door.
 17401 | Gauntlet | Found a large runed translucent door.
 17401 | Gauntlet | Found a large runed translucent door.
 17401 | Gauntlet | Found a large runed translucent door.
 17402 | Gauntlet | Found a large runed translucent door.
 17402 | Gauntlet | Found a large runed translucent door.
 17403 | Gauntlet | Found a large runed translucent door.
 17403 | Gauntlet | Found a large runed translucent door.
 17412 | Gauntlet | Found a runed translucent gate.
 17428 | Gauntlet | Found a transporter.
 17432 | Gauntlet | Found a transporter.
 17442 | Gauntlet | Found a transporter.
 17573 | Gauntlet | Reached skill level 10 in Fighting
 17576 | Gauntlet | Got a brightly glowing ivory ring
 17595 | Gauntlet | Identified the ring "Toimnep" {+Inv rF- Dex+5 SInv} (You
                  | found it in a Gauntlet)
 17609 | Gauntlet | Reached skill level 19 in Dodging
 17643 | Gauntlet | Got a pair of warped gloves
 17659 | Gauntlet | Identified the cursed +0 pair of gloves "Udoifuf" {rN+}
                  | (You found it in a Gauntlet)
 17675 | Gauntlet | Identified the +9 arbalest "Conservator" {penet, Str+6}
 18160 | D:15     | HP: 5/111 [sun demon[an orc knight] (27)]
 18162 | D:15     | Paralysed by an orc sorcerer for 6 turns
 18167 | D:15     | Mangled by an orc priest

Skill      XL: |  1  2  3  4  5  6  7  8  9 10 11 12 13 14 |
---------------+-------------------------------------------+-----
Long Blades    | 4 5 6 7 9 11 12 14 15 | 15.8
Dodging        | 5 7 9 11 13 14 16 17 18 19 | 19.2
Stealth        | 6 9 |  9.3
Fighting       | 6 9 10 | 10.5
Armour         | 2 4 |  4.0

Action                   |  1- 3 |  4- 6 |  7- 9 | 10-12 | 13-15 || total
-------------------------+-------+-------+-------+-------+-------++-------
Melee: Falchion          |    74 |   269 |    83 |       |       ||   426
       Dagger            |       |     1 |       |       |       ||     1
       Long sword        |       |       |   272 |  1116 |   121 ||  1509
       Tailslap          |       |       |       |     1 |       ||     1
       Great sword       |       |       |       |       |   281 ||   281
Throw: Stone             |       |       |    27 |     4 |     2 ||    33
       Tomahawk          |       |       |     3 |       |       ||     3
       Javelin           |       |       |       |       |     3 ||     3
 Abil: Evoke Invisibilit |       |       |       |       |     1 ||     1
       Evoke Flight      |       |       |       |       |     1 ||     1
Evoke: Wand              |       |       |     9 |    13 |     2 ||    24
  Use: Scroll            |       |       |     8 |    13 |    12 ||    33
       Potion            |       |       |       |    12 |    10 ||    22
 Stab: Sleeping          |     3 |     3 |     5 |    25 |    14 ||    50
       Distracted        |       |       |       |     4 |     1 ||     5
       Invisible         |       |       |       |       |     1 ||     1
       Petrified         |       |       |       |       |     1 ||     1
  Eat: Chunk             |       |     9 |    14 |    24 |    12 ||    59
       Ration            |       |       |       |     1 |       ||     1
Armor: Ring mail         |    15 |    62 |    61 |   147 |     3 ||   288
       Skin              |       |       |       |    28 |       ||    28
       Acid dragon scale |       |       |       |     3 |    81 ||    84
       Leather armour    |       |       |       |       |     1 ||     1
Dodge: Dodged            |    72 |   178 |   293 |  1196 |   675 ||  2414
Block: Buckler           |       |       |    62 |   244 |    27 ||   333
       Rpst.: Falchion   |    25 |    63 |    14 |       |       ||   102
       Long sword        |       |       |    55 |   315 |    25 ||   395
       Great sword       |       |       |       |       |   154 ||   154
